 Dungeon Crawl Stone Soup version 0.30.1-9-gdf580d7c3d (webtiles) character file.

Game seed: 16278547235372814069

138 pkoi the Insei (level 5, 0/46 HPs)
             Began as a Draconian Monk on Oct 24, 2023.
             Slain by a gnoll
             ... wielding a +0 spear
              (3 damage)
             ... on level 3 of the Dungeon.
             The game lasted 00:01:53 (1531 turns).

pkoi the Insei (Draconian Monk)                     Turns: 1531, Time: 00:01:54

Health: 0/46       AC:  5    Str: 13    XL:     5   Next: 1%
Magic:  5/5        EV: 13    Int: 12    God:
Gold:   113        SH:  0    Dex: 14    Spells: 4/4 levels left

rFire   . . .        e - +1 short sword (venom)
rCold   . . .        b - orb {light}
rNeg    . . .        (body armour unavailable)
rPois   .            (helmet restricted)
rElec   .            (no cloak)
rCorr   .            (no gloves)
SInv    .            (no boots)
Will    +....        (no amulet)
Stlth   +            d - ring of willpower
HPRegen 0.27/turn    (no ring)
MPRegen 0.09/turn

%: no passive effects
@: glowing
A: AC +5, unfitting armour, cold-blooded
a: no special abilities


You were on level 3 of the Dungeon.
You visited 1 branch of the dungeon, and saw 3 of its levels.

You collected 113 gold pieces.

Inventory:

Hand Weapons
 e - a +1 short sword of venom (weapon)
 m - a +2 short sword of speed
Missiles
 h - 5 boomerangs (quivered)
 i - 2 poisoned darts
Armour
 b - an orb of light (worn)
Jewellery
 d - a ring of willpower (left hand)
 f - a ring of magical power
 p - a +6 ring of dexterity
Scrolls
 n - a scroll of poison {unknown}
 o - 2 scrolls of brand weapon {unknown}
Potions
 a - 2 potions of ambrosia
 c - a potion of resistance {unknown}
 g - 3 potions of lignification {unknown}
 k - a potion of berserk rage {unknown}
 q - a potion of attraction {unknown}
 r - a potion of haste {unknown}


   Skills:
 + Level 3.9 Fighting
 + Level 3.2 Dodging
 * Level 5.0 Unarmed Combat


You had 4 spell levels left.
You didn't know any spells.
Your spell library contained the following spells:

 Spells                   Type           Power      Damage    Failure   Level
 Freeze                   Ice            0%         1d3       32%         1
 Frozen Ramparts          Ice            0%         1d1       69%         3
 Hailstorm                Conj/Ice       0%         3d3       69%         3


Dungeon Overview and Level Annotations

Branches:
Dungeon (3/15)

Altars:
Elyvilon


Innate Abilities, Weirdness & Mutations

Your plain brown scales are hard. (AC +5)
You cannot fit into any form of body armour.
You are cold-blooded and may be slowed by cold attacks.


Message History

You are too injured to fight recklessly!
You are too injured to fight recklessly!
You are too injured to fight recklessly!
You are too injured to fight recklessly!
Unknown command.
The gnoll attacks as you move away! The gnoll barely misses you.
The gnoll hits you from afar with a +0 spear.
There is a fountain of clear blue water here.
The gnoll hits you with a +0 club.
The gnoll throws a throwing net.
The throwing net hits you.
You become entangled in the net!
You see here a throwing net.
You struggle against the net.
You kill the gnoll!
The gnoll hits you but does no damage.
You have reached level 5!
You struggle against the net.
The gnoll hits you with a +0 club.
You struggle against the net.
The gnoll closely misses you. The gnoll hits you but does no damage.
You struggle against the net.
The gnoll hits you but does no damage.
The gnoll hits you from afar with a +0 spear.
* * * LOW HITPOINT WARNING * * *
You shred the net and break free! The gnoll hits you with a +0 club.
* * * LOW HITPOINT WARNING * * *
The gnoll closely misses you. x2
The gnoll attacks as you move away! The gnoll barely misses you.
You hit the gnoll.
The gnoll is poisoned.
The gnoll is lightly wounded.
The gnoll hits you but does no damage.
The gnoll hits you from afar with a +0 spear.
* * * LOW HITPOINT WARNING * * *
The gnoll hits you with a +0 club.
* * * LOW HITPOINT WARNING * * *
The gnoll attacks as you move away! The gnoll closely misses you.
The gnoll attacks as you move away! The gnoll misses you.
You hit the gnoll.
The gnoll is poisoned.
The gnoll is lightly wounded.
The gnoll hits you with a +0 club.
* * * LOW HITPOINT WARNING * * *
The gnoll hits you from afar with a +0 spear.
You die...

g.#. #.#.
#.#.############
#...../........#
#..#.#.#.#.#.#.#
#..............# ##
#...)⌠g.(..⌠...## #..
#...)...g.......## #.#
#....)†g@..⌠...††# #.#
#..............#.# #.#
.....#.#.#.#.#.#.#.####.#
##......................#
##.##....#####.........#
#. #....# #.........###
...... ...............
####### ###............
#............


You could see 3 gnolls.

Vanquished Creatures
  A howler monkey (D:3)
  A hound (D:3)
  A gnoll (D:3)
  2 adders
  2 dart slugs
  5 ball pythons
  5 endoplasms
  2 giant cockroaches (D:2)
  5 goblins
  A hobgoblin (D:3)
  7 kobolds
  A quokka (D:3)
  2 bats (D:1)
  A frilled lizard (D:3)
  3 rats
39 creatures vanquished.

Notes
Turn   | Place    | Note
-------+----------+-------------------------------------------
     0 | D:1      | pkoi the Draconian Monk began the quest for the Orb.
     0 | D:1      | Reached XP level 1. HP: 19/19 MP: 1/1
   315 | D:1      | Reached XP level 2. HP: 26/26 MP: 2/2
   886 | D:2      | Reached skill level 4 in Unarmed Combat
   990 | D:2      | Reached XP level 3. HP: 31/31 MP: 3/3
  1048 | D:2      | Found a faded altar of an unknown god.
  1095 | D:2      | Identified the +4 short sword "Xeatweomo" {speed, rCorr
                  | Dex+3}
  1326 | D:3      | Reached XP level 4. HP: 33/38 MP: 4/4
  1464 | D:3      | Found a white marble altar of Elyvilon.
  1501 | D:3      | Reached skill level 5 in Unarmed Combat
  1524 | D:3      | Reached XP level 5. HP: 16/46 MP: 5/5
  1531 | D:3      | Slain by a gnoll

Illustrated notes

Levels and vault maps discovered:
D:1:      eino_arrival_water_star, layout_basic
D:2:      layout_basic, shapermc_ecumenical_altar_mp_ritualfount
D:3:      layout_basic, elyvilon_altar_5, kennysheep_doodads,
          minmay_goblin_kobold_house, uniq_terence

Skill      XL: |  1  2  3  4 |
---------------+-------------+-----
Unarmed Combat | 4 5 |  5.0
Dodging        | 3 |  3.2
Fighting       | |  3.9

Action                     |  1- 3 |  4- 6 || total
---------------------------+-------+-------++-------
  Melee: Unarmed           |    10 |       ||    10
         Short sword       |    45 |    32 ||    77
         Tailslap          |     3 |     9 ||    12
    Use: Scroll            |     3 |       ||     3
 Armour: Skin              |    12 |    15 ||    27
  Dodge: Dodged            |    31 |    18 ||    49
